 Dungeon Crawl Stone Soup version 0.30-a0-1094-g860fb061e7 (webtiles) character file.

Game seed: 8785896725511936060

254 NateTC the Trooper (level 6, -11/38 HPs)
             Began as a Gargoyle Fighter on Apr 17, 2023.
             Blown up by Ijyb (20 damage)
             ... with a mindburst bolt
             ... on level 4 of the Dungeon.
             The game lasted 00:09:56 (2629 turns).

NateTC the Trooper (Gargoyle Fighter)               Turns: 2629, Time: 00:09:57

Health: -11/38     AC: 15    Str: 21    XL:     6   Next: 14%
Magic:  6/6        EV: 12    Int:  9    God:
Gold:   165        SH:  9    Dex:  9    Spells: 5/5 levels left

rFire   . . .      SeeInvis .    a - +0 flail (drain)
rCold   . . .      Faith    .    c - +0 buckler
rNeg    + . .      Spirit   .    k - +0 chain mail
rPois   ∞          Reflect  +    (no helmet)
rElec   +          Rampage  .    (no cloak)
rCorr   .                        (no gloves)
Will    .....                    h - +0 pair of boots Stlth
                                 b - amulet of reflection
HPRegen 0.26/turn                i - +5 ring of evasion
MPRegen 0.10/turn                (no ring)

@: no status effects
A: sickness immunity, AC +4, negative energy resistance 1, electricity
resistance, torment resistance 1, petrification resistance
a: no special abilities


You were on level 4 of the Dungeon.
You visited 1 branch of the dungeon, and saw 4 of its levels.

You collected 165 gold pieces.

Inventory:

Hand Weapons
 a - a +0 flail of draining (weapon)
Armour
 c - a +0 buckler (worn)
 h - a +0 pair of boots (worn)
 k - a +0 chain mail (worn)
Jewellery
 b - an amulet of reflection (around neck)
 i - a +5 ring of evasion (left hand)
 q - a ring of ice
Wands
 o - a wand of iceblast (10)
Scrolls
 l - a scroll of teleportation {unknown}
Potions
 d - a potion of might
 e - 3 potions of invisibility
 f - a potion of lignification
 g - a potion of curing
 j - a potion of ambrosia
 m - a potion of berserk rage {unknown}
 n - a potion of resistance {unknown}
 p - 2 potions of attraction {unknown}


   Skills:
 - Level 4.0 Fighting
 - Level 4.0 Maces & Flails
 - Level 4.0 Armour
 - Level 4.0 Shields
 + Level 2.6 Evocations


You had 5 spell levels left.
You didn't know any spells.
Your spell library contained the following spells:

 Spells                   Type           Power      Damage    Failure   Level
 Blink                    Tloc           0%         N/A       99%         2
 Lesser Beckoning         Tloc           0%         N/A       99%         2
 Momentum Strike          Conj/Tloc      0%         3d8       99%         2


Dungeon Overview and Level Annotations

Branches:
Dungeon (4/15) Zot: 21330
 Temple: D:4-7

Altars:
Fedhas
Hepliaklqana

Annotations:
D:4 Ijyb


Innate Abilities, Weirdness & Mutations

You are immune to sickness and miasma.
Your stone body is resilient. (AC +4)
You are immune to poison.
You resist negative energy. (rN+)
You are resistant to electric shocks. (rElec)
You are resistant to unholy torment.
You are immune to petrification.


Message History

You block the ogre's attack.
You sock the ogre! You drain the ogre.
The ogre is almost dead.
The ogre closely misses you.
You barely miss the ogre.
The ogre is almost dead.
You sock the ogre!
You kill the ogre!
Training target 4.0 for Shields reached!
Training target 4.0 for Armour reached!
Your Armour skill increases to level 4!
Your Shields skill increases to level 4!
Your Evocations skill increases to level 2!
You have reached level 6!
You feel a little less mighty now.
You open the door.
Ijyb the Twisted Goblin comes into view.
She is wielding a +0 dagger and carrying a wand of mindburst (16).
Ijyb shouts!
Ijyb zaps a wand.
You barely resist.
Found a stone staircase leading up.
There is an open door here.
You hit Ijyb but do no damage. Ijyb screams, "Me stronger than you!"
Ijyb zaps a wand.
You barely resist. You closely miss Ijyb.
Ijyb zaps a wand.
Your mind is blasted!
You barely miss Ijyb. You block Ijyb's attack.
You closely miss Ijyb.
Ijyb zaps a wand.
Your mind is blasted!
Ijyb screams, "Get away!"
You block Ijyb's attack.
You barely miss Ijyb.
Ijyb zaps a wand.
Your mind is blasted!
* * * LOW HITPOINT WARNING * * *
You hit Ijyb. You drain Ijyb.
Ijyb is moderately wounded.
Ijyb hits you but does no damage.
You closely miss Ijyb.
Ijyb is moderately wounded.
You block Ijyb's attack.
You feel better.
Ijyb zaps a wand.
Your mind is blasted!
Ouch! That really hurt!
You die...

..... ..... .... ....
##+##################
#........#...........
#......<.#...........
#...g....#.........>.
#..@..# #####'###...
####'######....###...
#................#...
#................#...
#.............(..#...
#................#...
#................#...
####...#..#)######.#.
#######.....###.##


You could see Ijyb (very drained).

Vanquished Creatures
  An ogre (D:4)
  A phantom (D:4)
  Terence (D:3)
  4 adders
  A worm (D:2)
  A dart slug (D:1)
  6 endoplasms
  4 hobgoblins
  2 jackals (D:2)
  3 kobolds (D:1)
  2 quokkas
  A ball python (D:1)
  3 bats
  3 frilled lizards
  3 goblins
  4 rats
40 creatures vanquished.

Notes
Turn   | Place    | Note
-------+----------+-------------------------------------------
     0 | D:1      | NateTC the Gargoyle Fighter began the quest for the Orb.
     0 | D:1      | Reached XP level 1. HP: 14/14 MP: 1/1
   239 | D:1      | Reached XP level 2. HP: 20/20 MP: 2/2
   964 | D:2      | Reached XP level 3. HP: 24/24 MP: 3/3
  1125 | D:2      | Found a blossoming altar of Fedhas.
  1547 | D:2      | Identified a scroll of acquirement
  1547 | D:2      | Acquired an amulet of reflection
  1746 | D:3      | Noticed Terence
  1754 | D:3      | HP: 1/24 [Terence/+0 falchion (5)]
  1758 | D:3      | Killed Terence
  1759 | D:3      | Reached XP level 4. HP: 17/29 MP: 4/4
  2207 | D:3      | Found a hazy altar of Hepliaklqana.
  2418 | D:4      | Noticed a phantom
  2433 | D:4      | Killed a phantom
  2434 | D:4      | Reached skill level 1 in Evocations
  2434 | D:4      | Reached XP level 5. HP: 28/33 MP: 5/5
  2512 | D:4      | Noticed an ogre
  2531 | D:4      | Killed an ogre
  2532 | D:4      | Reached XP level 6. HP: 17/38 MP: 6/6
  2619 | D:4      | Noticed Ijyb
  2626 | D:4      | HP: 1/38 [disintegration (18)]
  2629 | D:4      | Blown up by Ijyb

Illustrated notes

Levels and vault maps discovered:
D:1:      kennysheep_arrival_seaside, layout_loops_ring
D:2:      layout_basic, basic_altar
D:3:      layout_basic, nzn_hepliaklqana_mist_gate, hangedman_decor_points,
          hangedman_abyss_or_decor_stabs, chequers_serial_rivers_micro_e,
          minmay_misc_feat_columns, uniq_terence
D:4:      layout_gridville, uniq_ijyb, uniq_blork_the_orc

Skill      XL: |  1  2  3  4  5 |
---------------+----------------+-----
Fighting       | 4 |  4.0
Maces & Flails | 3 4 |  4.0
Evocations     | 1 2 |  2.6
Armour         | 4 |  4.0
Shields        | 4 |  4.0

Action                     |  1- 3 |  4- 6 || total
---------------------------+-------+-------++-------
  Melee: Flail             |    94 |    46 ||   140
    Use: Scroll            |     8 |     1 ||     9
         Potion            |     1 |     2 ||     3
 Armour: Chain mail        |    39 |    11 ||    50
         Scale mail        |     2 |       ||     2
  Dodge: Dodged            |    23 |    11 ||    34
  Block: Buckler           |    22 |    24 ||    46

Table legend: (Time is in decaauts)
 A = Elapsed time spent in this place.
 B = Non-inter-level travel time spent in this place.
 C = Inter-level travel time spent in this place.
 D = Time resting spent in this place.
 E = Time spent auto-exploring this place.
 F = Levels seen in this place.
 G = Mean time per level.
                   A        B        C        D        E       F      G
               +--------+--------+--------+--------+--------+-----+--------+
         Total |   2668 |   2609 |     59 |     69 |   1692 |   4 |  667.0 |
       Dungeon |   2668 |   2609 |     59 |     69 |   1692 |   4 |  667.0 |
               +--------+--------+--------+--------+--------+-----+--------+

Top non-repeatable levels by time:
     D:1: 953 daAuts
     D:3: 855 daAuts
     D:2: 640 daAuts
     D:4: 219 daAuts
